 Dungeon Crawl Stone Soup version 0.25.0-65-g31bcc41 (webtiles) character file.

6384 Dorkslayer the Blocker (level 10, -1/96 HPs)
             Began as a Gargoyle Fighter on Nov 14, 2020.
             Was an Elder of Okawaru.
             Slain by a bog body (13 damage)
             ... on level 2 of the Dungeon.
             The game lasted 00:04:52 (1248 turns).

Dorkslayer the Blocker (Gargoyle Fighter)           Turns: 1248, Time: 00:04:53

Health: -1/96      AC: 24    Str: 29    XL:     10   Next: 97%
Magic:  14/14      EV:  7    Int:  8    God:    Okawaru [****..]
Gold:   103        SH: 12    Dex:  9    Spells: 9/9 levels left

rFire    . . .     SeeInvis +   a - +0 long sword
rCold    . . .     Gourm    .   c - +0 shield
rNeg     + . .     Faith    .   y - +0 plate armour
rPois    ∞         Spirit   .   (no helmet)
rElec    +         Reflect  .   (no cloak)
rCorr    .         Harm     .   (no gloves)
MR       .....                  (no boots)
Stlth    ..........             (no amulet)
HPRegen  0.26/turn              e - ring of see invisible
MPRegen  0.14/turn              g - +4 ring of protection

@: berserking, hasted and slowed
A: negative energy resistance 1, electricity resistance, unbreathing,
petrification resistance, rot immunity, AC +7
a: Heroism, Renounce Religion


You were on level 2 of the Dungeon.
You worshipped Okawaru.
Okawaru was greatly pleased with you.
You were not hungry.

You visited 2 branches of the dungeon, and saw 3 of its levels.

You collected 103 gold pieces.

Inventory:

Hand Weapons
 a - a +0 long sword (weapon)
 t - a +0 hand axe of flaming
Missiles
 b - 2 poisoned javelins
 u - 3 javelins of penetration (quivered)
Armour
 c - a +0 shield (worn)
 y - a +0 plate armour (worn)
Jewellery
 e - a ring of see invisible (left hand)
 g - a +4 ring of protection (right hand)
Scrolls
 d - a scroll of enchant weapon {unknown}
 k - 2 scrolls of blinking {unknown}
 l - a scroll of immolation {unknown}
 m - 3 scrolls of fog {unknown}
 o - a scroll of teleportation {unknown}
 v - a scroll of remove curse {unknown}
 x - 3 scrolls of amnesia {unknown}
Potions
 h - a potion of berserk rage
 j - a potion of magic {unknown}
 n - a potion of resistance {unknown}
 p - a potion of lignification {unknown}
 q - 2 potions of flight
 r - 2 potions of heal wounds {unknown}
 z - a potion of agility {unknown}
 A - a potion of brilliance {unknown}
 B - a potion of degeneration {unknown}
Comestibles
 f - 9 rations
 s - 6 chunks of flesh


   Skills:
 + Level 7.8 Fighting
 + Level 7.7 Long Blades
 * Level 4.5 Throwing
 + Level 7.3 Armour
 + Level 2.5 Dodging
 + Level 8.6 Shields
 * Level 5.8 Invocations


You had 9 spell levels left.
You didn't know any spells.
Your spell library was empty.

Dungeon Overview and Level Annotations

Branches:
Dungeon (2/3)              Temple (1/1) D:1
  Swamp: D:2-3       Shoals: D:2-3        Snake: D:2-3       Spider: D:2-3
  Slime: D:2-3          Orc: D:2         Vaults: D:2-3

Altars:
Ashenzari
Cheibriados
Fedhas
Gozag
Hepliaklqana
Kikubaaqudgha
Okawaru
Sif Muna
Trog
Uskayaw
Wu Jian
Xom
Yredelemnul
Zin
The Shining One


Innate Abilities, Weirdness & Mutations

You are resistant to torment.
Your stone body is resilient. (AC +7)
You are immune to poison.
You resist negative energy. (rN+)
You are resistant to electric shocks. (rElec)
You can survive without breathing.
You are immune to petrification.
You are immune to rotting.


Message History

A red film seems to cover your vision as you go berserk!
You feel yourself moving faster!
You feel mighty! The bog body casts a spell at you.
You resist with some effort.
You barely miss the bog body.
The bog body points at you and mumbles some strange words.
The bolt of cold hits you!
You slash the bog body!
The bog body is moderately damaged.
The bog body gestures at you while chanting.
The bolt of cold hits you!
* * * LOW HITPOINT WARNING * * *
You slash the bog body!
The bog body is severely damaged.
The bog body closely misses you.
The bog body touches you but does no damage.
You slash the bog body!
The bog body is almost destroyed.
The bog body hits you!
You die...

≈≈≈≈≈≈≈♣♣♣..#####
......♣...⌠.....#
♣.....⌠.....#
≈≈≈≈≈≈≈♣♣♣......#
♣♣♣♣♣♣♣♣........#
.........)...+
######.#.....#
...#....n##
.....######@#
####### #.# ....
#)# ..... #)#
..o.o###.####
.ooo.o).....#
..#..#......# #
#.[....# #..<...#


You could see a bog body.

Vanquished Creatures
  An ugly thing (D:2)
  A bog body (D:2)
  An orc warrior (D:1)
  An ogre (D:1)
  A phantom (D:1)
  A bullfrog (D:1)
  A scorpion (D:1)
  A crimson imp (D:1)
  A hound (D:1)
  A bullfrog skeleton (D:1)
  A centaur skeleton (D:1)
  An iguana (D:1)
  4 orc wizards
  A worker ant (D:1)
  An adder (D:1)
  A worm (D:1)
  11 orcs
30 creatures vanquished.

Notes
Turn   | Place    | Note
-------+----------+-------------------------------------------
     0 | D:1      | Dorkslayer the Gargoyle Fighter began the quest for the
                  | Orb.
     0 | D:1      | Reached XP level 1. HP: 14/14 MP: 1/1
    30 | D:1      | Noticed a hound
    39 | D:1      | Killed a hound
    39 | D:1      | Reached skill level 4 in Shields
    39 | D:1      | Reached XP level 2. HP: 13/20 MP: 2/2
    39 | D:1      | Reached XP level 3. HP: 16/24 MP: 3/3
    39 | D:1      | Reached XP level 4. HP: 20/30 MP: 4/4
    39 | D:1      | Reached XP level 5. HP: 23/34 MP: 5/5
    71 | D:1      | Found a deep blue altar of Sif Muna.
   116 | D:1      | Found an ancient bone altar of Kikubaaqudgha.
   183 | D:1      | Reached skill level 5 in Armour
   183 | D:1      | Reached skill level 5 in Shields
   183 | D:1      | Reached XP level 6. HP: 38/40 MP: 6/6
   264 | D:1      | Reached skill level 5 in Fighting
   264 | D:1      | Reached XP level 7. HP: 34/44 MP: 7/7
   293 | D:1      | Reached skill level 6 in Shields
   293 | D:1      | Reached XP level 8. HP: 44/51 MP: 8/8
   296 | D:1      | Found a glowing golden altar of the Shining One.
   326 | D:1      | Found a shattered altar of Ashenzari.
   341 | D:1      | Reached skill level 1 in Dodging
   342 | D:1      | Found a hazy altar of Hepliaklqana.
   383 | D:1      | Found a staircase to the Ecumenical Temple.
   403 | Temple   | Entered the Ecumenical Temple
   425 | Temple   | Became a worshipper of Warmaster Okawaru
   521 | D:1      | Reached skill level 1 in Invocations
   633 | D:1      | Reached skill level 1 in Throwing
   633 | D:1      | Reached skill level 7 in Shields
   681 | D:1      | Reached * piety under Okawaru
   681 | D:1      | Reached skill level 5 in Long Blades
   681 | D:1      | Reached XP level 9. HP: 44/56 MP: 9/11
   698 | D:1      | Found a glowing silver altar of Zin.
   797 | D:1      | Reached ** piety under Okawaru
  1137 | D:2      | Noticed a green ugly thing
  1156 | D:2      | Killed a green ugly thing
  1156 | D:2      | Reached *** piety under Okawaru
  1156 | D:2      | Reached **** piety under Okawaru
  1156 | D:2      | Reached skill level 8 in Shields
  1156 | D:2      | Reached skill level 5 in Invocations
  1156 | D:2      | Reached XP level 10. HP: 63/63 MP: 13/13
  1172 | D:2      | Received a gift from Okawaru
  1248 | D:2      | Slain by a bog body

Skill      XL: |  1  2  3  4  5  6  7  8  9 |
---------------+----------------------------+-----
Fighting       | 4 5 6 7 |  7.8
Long Blades    | 2 3 5 7 |  7.7
Armour         | 4 5 6 7 |  7.3
Shields        | 4 5 6 7 8 |  8.6
Dodging        | 1 2 |  2.5
Invocations    | 2 5 |  5.8
Throwing       | 1 4 |  4.5

Action                   |  1- 3 |  4- 6 |  7- 9 | 10-12 || total
-------------------------+-------+-------+-------+-------++-------
Melee: Long sword        |     7 |    23 |    81 |    44 ||   155
Throw: Javelin           |       |       |     7 |       ||     7
  Use: Potion            |       |       |     3 |     5 ||     8
  Eat: Chunk             |       |       |     1 |       ||     1
Armor: Scale mail        |     3 |    11 |    23 |       ||    37
       Plate armour      |       |       |     1 |    25 ||    26
Dodge: Dodged            |     6 |     6 |    13 |     9 ||    34
Block: Shield            |     5 |    15 |    37 |    32 ||    89
       Rpst.: Long sword |     4 |     1 |     7 |     5 ||    17
